AoeStats
← Edmond.

Arabia

509432504Analyzed
2v2 RM · 5d ago on Sep 26, 2026· 38m 3s· 4 players
Game mode
Random Map
Map size
Medium (4 player)
Population
200
Speed
Normal
Resources
Standard
Victory
Conquest
Starting age
Dark Age
Ending age
Imperial Age
RankedLock teamsTeams togetherTeam positionsShared explorationLock speedFull tech treeHidden civsTurbo modeCheats
Victory
Defeat
🇩🇪 Persians · Germany
1110
+16
🇺🇦 Vikings · Ukraine
1089
+16
🇨🇳 Varangians · China
1108
-16
🇨🇳 Spanish · China
1099
-16
Sealion42
6:23 Loom
9:09 Feudal Age
10:03 Double-Bit Axe
13:57 Horse Collar
16:06 Fletching
21:46 Castle Age
23:11 Bodkin Arrow
22:38 Crossbowman
24:14 Heavy Plow
24:53 Bow Saw
26:25 Padded Archer Armor
28:05 Ballistics
31:26 Town Watch
34:50 Imperial Age
32:28 Elite Skirmisher
35:36 Bracer
36:42 Chemistry
35:07 Capped Ram
35:39 Arbalester
37:45 Leather Archer Armor
Christarios
9:56 Feudal Age
10:34 Double-Bit Axe
11:30 Loom
16:11 Forging
17:46 Scale Barding Armor
18:13 Horse Collar
21:06 Bloodlines
24:27 Castle Age
23:35 Fletching
29:24 Elite Skirmisher
30:31 Bodkin Arrow
31:46 Bow Saw
33:59 Padded Archer Armor
Edmond.
7:06 Loom
10:25 Feudal Age
11:38 Double-Bit Axe
13:47 Horse Collar
15:29 Bloodlines
28:31 Castle Age
27:56 Scale Barding Armor
28:44 Gold Mining
30:17 Bow Saw
30:08 Heavy Plow
32:48 Stone Mining
34:19 Wheelbarrow
Bar
11:06 Feudal Age
12:53 Loom
16:58 Castle Age
15:31 Horse Collar
16:22 Double-Bit Axe
16:52 Stone Mining
18:51 Padded Archer Armor
23:34 Heavy Plow
24:47 Leather Archer Armor
29:29 Wheelbarrow
29:06 Bow Saw
30:15 Fletching
31:20 Gold Mining
33:57 Ballistics
33:33 Murder Holes
37:32 Bodkin Arrow
37:38 Man-at-Arms
Connection lost

Rejoining the realm…

Still unreachable

The connection could not be restored.

Session expired

The server has moved on; the page needs a fresh start.